Map: Lightshade LE

Players

soul

  • Race: Terran Terran

Trap - Winner!

  • Race: Protoss Protoss

Event: TSL 7

VOD

Have the link to the VOD?

Description

Time

  • Played on: June 13, 2021, 9:14 a.m.
  • Length: 12:48

All games in this series

Show
View Real Time Build Order
Export as new Build Order

soul Terran 

Build Orders: Cyclone Opening 

Get SALT Encoding   

  12  0:00  SCV  
  13  0:12  SCV  
  14  0:17  Supply Depot  
  14  0:25  SCV  
  14  0:28  Refinery  
  15  0:39  SCV  
  16  0:45  Barracks  
  16  0:51  SCV  
  17  1:06  SCV  
  17  1:07  Engineering Bay  
  18  1:21  SCV  
  18  1:38  Marine, Orbital Command  
  19  1:42  Factory  
  19  1:52  Supply Depot  
  19  1:56  Barracks Reactor  
  19  2:05  SCV  
  20  2:17  SCV  
  21  2:23  Command Center  
  21  2:27  Factory Tech Lab  
  21  2:30  SCV  
  21  2:33  Marine  
  21  2:34  Marine  
  24  2:43  SCV  
  25  2:46  Cyclone  
  28  2:53  Refinery  
  28  2:59  Barracks  
  28  3:02  SCV  
  29  3:06  Supply Depot  
  29  3:14  SCV  
  30  3:25  Marine  
  31  3:28  SCV, Siege Tank  
  31  3:29  Marine  
  36  3:38  Orbital Command  
  36  3:42  SCV  
  36  3:43  Marine  
  38  3:54  SCV  
  38  3:55  Marine, Barracks Tech Lab  
  40  3:58  Orbital Command  
  40  4:02  Siege Tank  
  43  4:03  Marine  
  44  4:13  Combat Shield  
  44  4:14  Marine x2  
  46  4:19  Supply Depot  
  46  4:24  SCV  
  46  4:25  Marine  
  48  4:35  Marine x2  
  50  4:39  Siege Tank  
  50  4:43  Marine  
  50  4:45  Supply Depot  
  51  4:46  SCV  
  51  4:47  SCV  
  53  4:52  Marine  
  53  4:53  Marine  
  53  4:58  SCV  
  53  4:59  SCV  
  56  5:01  Marine  
  57  5:07  Supply Depot  
  57  5:10  Marine, SCV  
  57  5:11  Marine, SCV  
  61  5:14  Siege Tank  
  61  5:19  Marine  
  65  5:22  SCV  
  65  5:23  SCV  
  67  5:28  Marine  
  67  5:29  Marine  
  67  5:34  SCV  
  71  5:35  SCV  
  71  5:36  Marine, Stimpack  
  71  5:41  Supply Depot  
  72  5:46  Marine, SCV  
  72  5:47  SCV, Siege Tank  
  78  6:00  SCV x2  
  78  6:01  Marine  
  78  6:09  Bunker  
  78  6:10  Bunker  
  74  6:11  Marine  
  74  6:12  SCV  
  74  6:13  SCV  
  74  6:14  Marine  
  71  6:19  Marine, Siege Tank  
  71  6:24  SCV  
  57  6:29  Marine  
  57  6:30  SCV  
  57  6:32  Marine  
  52  6:37  Marine  
  50  6:40  SCV  
  50  6:42  SCV  
  52  6:47  Marine, Engineering Bay  
  52  6:51  Siege Tank, Engineering Bay  
  52  6:52  SCV, Supply Depot  
  52  6:53  Supply Depot  
  57  6:54  SCV  
  57  6:58  Marine x2  
  60  7:04  SCV  
  60  7:05  Marine  
  60  7:06  SCV  
  63  7:10  Starport  
  63  7:14  Terran Infantry Weapons Level 1  
  63  7:16  Marine, SCV  
  63  7:18  SCV, Refinery  
  66  7:23  Marine  
  66  7:24  Refinery  
  66  7:25  Marine  
  66  7:29  SCV  
  69  7:34  Marine  
  71  7:37  Factory Reactor  
  71  7:40  Concussive Shells  
  71  7:41  Marine  
  71  7:42  SCV x2  
  73  7:46  Command Center  
  73  7:49  Starport Reactor  
  73  7:56  Terran Infantry Armor Level 1  
  73  7:57  Barracks  
  73  7:58  SCV x2  
  75  8:00  Barracks x2  
  75  8:04  Marine x2  
  75  8:05  Marauder  
  79  8:10  SCV x2  
  79  8:12  Supply Depot  
  81  8:16  Widow Mine x2  
  85  8:22  Marine  
  85  8:23  SCV  
  85  8:25  Medivac x2  
  91  8:28  Armory  
  91  8:33  SCV  
  92  8:35  Marine, Marauder  
  92  8:37  Widow Mine x2, SCV  
  100  8:45  SCV  
  101  8:48  Barracks Reactor  
  101  8:49  SCV, Barracks Tech Lab  
  101  8:50  Marine  
  101  8:51  Marauder  
  101  8:55  Marine  
  106  8:57  SCV, Marauder  
  106  9:01  SCV  
  109  9:03  Medivac x2, Orbital Command  
  109  9:09  Marauder  
  115  9:12  SCV, Marauder  
  115  9:13  SCV  
  115  9:15  Ghost Academy  
  115  9:16  Marine  
  120  9:20  Marine, Marauder  
  123  9:24  SCV  
  123  9:26  Marine  
  125  9:45  Orbital Command  
  125  9:47  Widow Mine  
  125  9:48  Marine  
  125  9:49  Widow Mine  
  125  9:51  Medivac  
  125  9:56  SCV  
  133  10:00  Orbital Command  
  133  10:01  SCV, Medivac  
  133  10:04  Ghost  
  133  10:05  Ghost  
  133  10:06  Marine, Supply Depot x2  
  131  10:07  Supply Depot, Refinery  
  131  10:09  Refinery  
  131  10:11  Marine, SCV  
  114  10:15  Marauder  
  114  10:18  Marine  
  114  10:19  Marine  
  114  10:20  Medivac  
  114  10:31  Marine  
  114  10:34  SCV, Marauder x2  
  121  10:35  Marine, SCV  
  121  10:36  Marauder  
  124  10:46  Marine  
  123  10:52  Medivac x2  
  123  10:53  Marine  
  123  10:55  Marauder x2  
  119  10:57  Marauder  
  124  11:11  Marine  
  122  11:14  Marine  
  122  11:17  Marauder x2  
  125  11:19  Marine, Marauder  
  125  11:21  Marine  
  125  11:22  Medivac x2  
  133  11:28  Marine  
  133  11:32  Marine  
  117  11:37  Marine  
  117  11:38  Marauder x2  
  117  11:39  Marine  
  123  11:40  Marauder  
  123  11:46  Marine  
  126  11:50  Marine  
  126  11:52  Medivac x2  
  131  11:55  Marine  
  131  11:57  Marine  
  131  11:58  Widow Mine  
  131  11:59  Marauder x2  
  139  12:01  Marauder  
  139  12:04  Marine  
  139  12:08  Marine  
  143  12:13  Marine  
  131  12:21  Marauder x2  
  131  12:22  Marine  
  123  12:23  Marine  
  123  12:24  Marine  
  123  12:26  Marine  
Show
View Real Time Build Order
Export as new Build Order

Trap Protoss - Winner!

Build Orders: Oracle Opening, Zealot Archon 

Get SALT Encoding   

  12  0:00  Probe  
  13  0:12  Probe  
  14  0:17  Pylon  
  14  0:24  Probe (Chrono Boost)  
  15  0:36  Probe (Chrono Boost)  
  15  0:38  Gateway  
  16  0:45  Probe (Chrono Boost)  
  16  0:47  Assimilator  
  17  0:51  Probe  
  18  1:03  Probe  
  19  1:15  Probe  
  20  1:26  Zealot  
  20  1:27  Cybernetics Core  
  20  1:30  Pylon, Probe  
  23  1:35  Assimilator  
  23  1:48  Probe  
  24  2:01  Probe, Adept (Chrono Boost)  
  27  2:15  Nexus  
  27  2:19  Probe  
  28  2:23  Adept (Chrono Boost)  
  30  2:36  Stargate  
  30  2:42  Pylon  
  30  2:45  Warp Gate  
  30  2:48  Probe  
  31  3:00  Probe  
  32  3:12  Probe  
  33  3:16  Oracle (Chrono Boost)  
  36  3:24  Probe  
  36  3:25  Gateway  
  37  3:27  Probe  
  37  3:30  Twilight Council  
  38  3:36  Probe  
  38  3:39  Probe  
  40  3:45  Oracle (Chrono Boost)  
  43  3:51  Probe x2  
  43  4:03  Probe x2  
  43  4:09  Gateway  
  45  4:12  Charge  
  45  4:14  Assimilator  
  45  4:16  Assimilator  
  45  4:17  Probe (Chrono Boost)  
  45  4:19  Pylon  
  45  4:22  Probe (Chrono Boost)  
  47  4:27  Probe (Chrono Boost)  
  47  4:30  Gateway  
  47  4:31  Probe (Chrono Boost)  
  49  4:32  Probe (Chrono Boost)  
  47  4:41  Probe  
  47  4:42  Templar Archives  
  47  4:43  Probe  
  49  4:49  Forge  
  49  4:53  Probe  
  49  4:56  Probe  
  51  5:00  Gateway  
  51  5:01  Sentry, Gateway  
  51  5:05  Zealot, Probe  
  56  5:10  Shield Battery  
  56  5:12  Zealot  
  58  5:20  Pylon  
  58  5:24  High Templar  
  58  5:25  High Templar  
  58  5:26  Protoss Ground Armor Level 1 (Chrono Boost)  
  62  5:30  Archon, Pylon  
  62  5:38  Zealot  
  62  5:39  Zealot  
  66  5:44  Pylon  
  66  5:53  Zealot x2  
  66  5:55  Pylon  
  70  5:57  High Templar  
  70  5:58  Zealot, High Templar  
  70  6:00  Zealot  
  70  6:03  Archon  
  70  6:04  Shield Battery  
  78  6:09  Zealot x2  
  65  6:19  Zealot  
  65  6:20  Probe x2  
  65  6:22  Zealot  
  59  6:32  Probe x2  
  59  6:33  High Templar x2  
  59  6:43  Nexus, Psionic Storm  
  59  6:46  Probe x2  
  61  6:58  Probe (Chrono Boost)  
  61  6:59  Probe (Chrono Boost)  
  63  7:02  Robotics Facility  
  63  7:10  Probe (Chrono Boost)  
  63  7:12  Phoenix  
  67  7:16  Probe (Chrono Boost)  
  67  7:17  Probe (Chrono Boost)  
  69  7:23  High Templar  
  69  7:24  Probe (Chrono Boost)  
  69  7:25  Pylon, Probe (Chrono Boost)  
  69  7:29  Protoss Ground Weapons Level 1 (Chrono Boost)  
  72  7:36  Probe (Chrono Boost)  
  74  7:38  Probe (Chrono Boost), Shield Battery  
  74  7:40  Probe (Chrono Boost)  
  75  7:46  Probe  
  75  7:50  Observer  
  75  7:51  Probe  
  78  7:54  High Templar  
  78  7:55  Zealot x3  
  78  7:56  Zealot x2  
  90  8:01  Probe  
  90  8:02  Probe  
  90  8:03  Probe  
  93  8:10  Gateway  
  93  8:11  Gateway, Pylon  
  93  8:12  Pylon  
  93  8:16  Photon Cannon  
  93  8:20  Assimilator x2  
  93  8:21  High Templar  
  93  8:23  Probe x3  
  93  8:26  Sentry  
  93  8:27  Sentry  
  102  8:30  Pylon  
  102  8:34  Warp Prism (Chrono Boost)  
  104  8:47  Pylon  
  104  8:49  Forge  
  104  8:56  Blink  
  104  9:02  Nexus  
  104  9:03  Zealot, High Templar x2  
  104  9:04  Pylon  
  104  9:07  Archon  
  104  9:09  Photon Cannon  
  110  9:10  Zealot  
  110  9:11  Zealot  
  110  9:15  Probe x2  
  110  9:16  Protoss Ground Armor Level 2 (Chrono Boost), Probe  
  118  9:24  Observer (Chrono Boost)  
  118  9:27  Probe  
  119  9:32  Stalker  
  119  9:33  Stalker x2  
  123  9:42  Stalker x2  
  123  9:45  Zealot  
  126  9:52  Zealot  
  126  9:53  Zealot  
  126  9:56  Zealot x2  
  126  9:57  Observer  
  126  9:58  Probe x2  
  126  9:59  Probe  
  137  10:06  Photon Cannon  
  137  10:07  Protoss Ground Weapons Level 2 (Chrono Boost)  
  137  10:17  Immortal (Chrono Boost)  
  139  10:22  Probe x3  
  139  10:23  Probe  
  143  10:32  High Templar x4  
  151  10:36  Archon x2  
  151  10:38  Probe x4  
  151  10:41  Pylon  
  151  10:42  Stalker x3  
  157  10:44  Pylon  
  157  10:47  Stalker  
  159  11:05  Gateway  
  159  11:07  Gateway  
  159  11:09  Gateway  
  155  11:12  Gateway  
  155  11:17  Zealot x8  
  169  11:21  Robotics Facility  
  169  11:24  Robotics Bay  
  165  11:32  Warp Prism (Chrono Boost)  
  159  11:44  High Templar x2  
  159  11:45  Zealot x6  
  175  11:47  Assimilator  
  175  11:48  Assimilator  
  175  11:53  Archon  
  175  11:58  Immortal (Chrono Boost)  
  175  12:00  Nexus  
  179  12:07  Zealot x5  
  171  12:20  Stalker x5  
  171  12:21  Stalker x2  
Tags
 
Add a new tag
Caveats
  • Supply blocks, unpowered buildings, or Contaminate may cause inaccurate times.
  • Supply counts are checked every 10 seconds.